 Dungeon Crawl Stone Soup version 0.17-a0-1713-gdf939a4 (webtiles) character file.

1169 Leibowitz the Spear-Bearer (level 8, -5/63 HPs)
             Began as a Merfolk Gladiator on Aug 23, 2015.
             Slain by a troll (15 damage)
             ... on level 6 of the Dungeon.
             The game lasted 00:24:51 (6184 turns).

Leibowitz the Spear-Bearer (Merfolk Gladiator)      Turns: 6184, Time: 00:24:51

Health: -5/63      AC:  9    Str: 18    XL:     8   Next: 40%
Magic:  17/17      EV: 18    Int:  8    God:
Gold:   180        SH:  0    Dex: 19    Spells: 0 memorised, 7 levels left

rFire  . . .     SeeInvis .     a - +4 spear of the Boiling Point {flame, MP+9 Str+3 Dex+3}
rCold  . . .     Clarity  .     t - +3 leather armour {rN+}
rNeg   + . .     SustAt   .     (no shield)
rPois  .         Gourm    .     c - +0 helmet
rElec  .         Spirit   .     l - +1 cloak
rCorr  .         Warding  .     (no gloves)
rMut   .         Stasis   .     (no boots)
MR     .....                    j - amulet of faith
Stlth  +++.......               (no ring)
                                (no ring)

@: not resistant to hostile enchantments, fairly stealthy
A: change form in water, swift swim
a: no special abilities


You were on level 6 of the Dungeon.
You were not hungry.

You visited 2 branches of the dungeon, and saw 7 of its levels.
You also visited: Sewer.

You collected 180 gold pieces.

Inventory:

Hand weapons
 a - the +4 spear of the Boiling Point (weapon) {flame, MP+9 Str+3 Dex+3}
   (You found it on level 6 of the Dungeon)

   It has been specially enchanted to burn those struck by it, causing extra
   injury to most foes and up to half again as much damage against particularly
   susceptible opponents.
   It affects your strength (+3).
   It affects your dexterity (+3).
   It affects your magic capacity (+9).
 b - a +0 blowgun
 s - a +1 trident
Missiles
 d - a throwing net (quivered)
 q - 2 javelins
 y - 5 curare-tipped needles
 B - 24 poisoned needles
Armour
 c - a +0 helmet (worn)
 l - a +1 cloak (worn)
 t - a +3 leather armour of positive energy (worn)
Jewellery
 j - an amulet of faith (around neck)
 o - an uncursed amulet of resist corrosion
Magical devices
 n - a wand of cold (5)
 v - a wand of frost (29)
Scrolls
 e - 2 scrolls of remove curse
 g - a scroll of recharging
 i - 5 scrolls of identify
 m - a scroll of blinking
 u - a scroll of teleportation
Potions
 h - a potion of cure mutation
 w - a potion of curing
 C - a potion of flight
Comestibles
 f - 4 bread rations
 k - a beef jerky
 p - a chunk of flesh
 r - a meat ration


   Skills:
 * Level 5.4 Fighting
 * Level 8.2 Polearms
 - Level 2.0 Throwing
 + Level 2.1 Armour
 * Level 8.1 Dodging
 + Level 3.7 Stealth


You had 7 spell levels left.
You didn't know any spells.

Dungeon Overview and Level Annotations

Branches:
Dungeon (6/15)             Temple (1/1) D:6

Altars:
Ashenzari
Dithmenos
Elyvilon
Fedhas
Gozag
Kikubaaqudgha
Nemelex Xobeh
Qazlal
Sif Muna
Trog
Vehumet
Xom
Yredelemnul
Zin
The Shining One


Message History

The troll is lightly wounded.
The hound struggles against the net.
The troll struggles against the net.
The helpless troll fails to defend itself.
You hit the troll but do no damage.
The troll is lightly wounded.
The hound struggles against the net.
The net rips apart, and the hound comes free!
You puncture the troll! You burn the troll.
The troll is heavily wounded.
The troll struggles against the net.
You puncture the troll! You burn the troll.
The troll is almost dead.
The troll struggles against the net.
The net rips apart, and the troll comes free!
You hit the troll. You burn the troll.
The troll is almost dead.
You hit the troll. You burn the troll.
The troll is almost dead.
The troll bites you!
You die...

......>.....#
...........##
..........## g
..........# ..
.......).### ..<
...........## .T.g
............## .....
#............######......
##..###........(@Th......
#..###.....?...###.......
#.####........|.# ##.....
..# #...........## ....
.## #............# ... .#
#............## .. ##
#.............# . #
#.............#
#..............#


You could see a troll and a hound.

Vanquished Creatures
  An orc warrior (D:6)
  An ogre (D:5)
  An ice beast (D:6)
  A big kobold (Sewer)
  2 giant frogs
  A wight (D:4)
  A jelly (D:6)
  An orc priest (D:4)
  5 orc wizards
  3 worker ants
  Jessica (D:3)
  An iguana (D:5)
  Natasha (D:3)
  A killer bee zombie (D:6)
  2 hound zombies (D:6)
  9 adders
  A gnoll (D:1)
  A river rat (D:4)
  An ooze (D:3)
  6 worms
  15 orcs
  9 giant cockroaches
  12 hobgoblins
  6 jackals
  2 quokkas
  9 bats
  7 giant geckos
  5 giant newts
  5 goblins
  A jackal zombie (D:5)
  14 kobolds
  A quokka skeleton (D:4)
  12 rats
139 creatures vanquished.

Notes
Turn   | Place    | Note
--------------------------------------------------------------
     0 | D:1      | Leibowitz the Merfolk Gladiator began the quest for the Orb.
     0 | D:1      | Reached XP level 1. HP: 16/16 MP: 1/1
   383 | D:1      | Reached XP level 2. HP: 20/23 MP: 2/2
   735 | D:1      | Reached XP level 3. HP: 20/28 MP: 3/3
  1363 | D:2      | Reached skill level 5 in Dodging
  1496 | D:2      | Reached skill level 1 in Stealth
  1496 | D:2      | Reached XP level 4. HP: 17/34 MP: 4/4
  1853 | D:2      | Reached skill level 5 in Polearms
  2067 | D:3      | Noticed Jessica
  2098 | D:3      | Killed Jessica
  2098 | D:3      | Reached skill level 1 in Armour
  2098 | D:3      | Reached XP level 5. HP: 38/41 MP: 5/5
  2683 | D:3      | Noticed Natasha
  2700 | D:3      | Killed Natasha
  3082 | D:4      | Reached XP level 6. HP: 33/48 MP: 6/6
  3138 | D:4      | Found a glowing golden altar of the Shining One.
  3248 | D:4      | Found a glowing drain.
  3258 | Sewer    | Entered a sewer
  3396 | Sewer    | Reached skill level 6 in Polearms
  3532 | Sewer    | Found a glowing silver altar of Zin.
  4100 | D:4      | Reached XP level 7. HP: 34/54 MP: 7/7
  4421 | D:4      | Reached skill level 7 in Polearms
  4456 | D:5      | Entered Level 5 of the Dungeon
  4865 | D:5      | Found a shattered altar of Ashenzari.
  5298 | D:5      | Found a bloodstained altar of Trog.
  5410 | D:6      | Got a warped spear
  5411 | D:6      | Identified the +4 spear of the Boiling Point {flame, MP+9 Str+3 Dex+3} (You found it on level 6 of the Dungeon)
  5438 | D:6      | Reached XP level 8. HP: 42/61 MP: 8/8
  5642 | D:6      | Found a staircase to the Ecumenical Temple.
  5649 | Temple   | Entered the Ecumenical Temple
  5764 | D:6      | Reached skill level 5 in Fighting
  5776 | D:6      | Reached skill level 8 in Polearms
  6154 | D:6      | Noticed a troll
  6184 | D:6      | Slain by a troll

Vault maps used:
D:1:      scummos_arrival_simple_crosswalls
D:2:      first_bread
D:3:      uniq_jessica, uniq_natasha
D:4:      kennysheep_mini_moat, gup_sewer_entry_spiral
D:5:      lemuel_round_altar, lightli_temple_of_fire
D:6:      slow_altar_1, gammafunk_temple_overflow_wave,
          minmay_temple_entry_junction
Temple:   water_room_temple_b_12
Sewer:    sewer_kobolds

Action                   |  1- 3 |  4- 6 |  7- 9 || total
-------------------------+-------+-------+-------++-------
Melee: Trident           |   161 |   234 |    82 ||   477
       Spear             |       |       |   110 ||   110
 Fire: Blowgun           |       |    10 |     4 ||    14
Throw: Throwing net      |     4 |     2 |     2 ||     8
  Use: Scroll            |       |    10 |     3 ||    13
       Potion            |       |     4 |     7 ||    11
 Stab: Distracted        |     1 |     1 |     1 ||     3
       Held in net/web   |     3 |       |     1 ||     4
       Sleeping          |     1 |     7 |     5 ||    13
  Eat: Chunk             |     2 |     7 |     7 ||    16
       Pizza             |       |     1 |       ||     1
